 Dungeon Crawl Stone Soup version 0.22.1-1-ga44c0e56f4 (webtiles) character file.

94 Knicklaso the Cutter (level 4, -1/30 HPs)
             Began as a Halfling Warper on Sept 29, 2018.
             Slain by Natasha (6 damage)
             ... on level 3 of the Dungeon.
             The game lasted 00:06:26 (3461 turns).

Knicklaso the Cutter (Halfling Warper)              Turns: 3461, Time: 00:06:27

Health: -1/30      AC:  3    Str: 13    XL:     4   Next: 94%
Magic:  4/7        EV: 15    Int: 11    God:
Gold:   77         SH:  0    Dex: 13    Spells: 3/7 levels left

rFire    . . .     SeeInvis .   a - +0 short sword
rCold    . . .     Gourm    .   (shield restricted)
rNeg     . . .     Faith    .   b - +0 leather armour
rPois    .         Spirit   .   (no helmet)
rElec    .         Reflect  .   (no cloak)
rCorr    .         Harm     .   (no gloves)
MR       .....                  (no boots)
Stlth    +.........             (no amulet)
HPRegen  0.10/turn              (no ring)
MPRegen  0.10/turn              (no ring)

@: slowed, very slow
A: small, mutation resistance 1
a: no special abilities


You were on level 3 of the Dungeon.
You were not hungry.

You visited 1 branch of the dungeon, and saw 3 of its levels.

You collected 77 gold pieces.

Inventory:

Hand Weapons
 a - a +0 short sword (weapon)
Missiles
 e - 5 tomahawks of dispersal
 g - 8 curare-tipped needles
 h - 22 poisoned needles
 k - 49 stones (quivered)
 q - 9 sling bullets
Armour
 b - a +0 leather armour (worn)
Jewellery
 m - an uncursed ring of flight {unknown}
Scrolls
 c - 2 scrolls of identify {unknown}
 d - 2 scrolls of blinking
 o - a scroll of immolation {unknown}
Potions
 i - a potion of flight {unknown}
 j - a potion of berserk rage {unknown}
 l - 2 potions of curing {unknown}
 n - a potion of resistance {unknown}
 p - a potion of brilliance {unknown}
 r - a potion of haste {unknown}
 s - a potion of lignification {unknown}
 t - a potion of invisibility {unknown}
 v - a potion of heal wounds {unknown}
Comestibles
 f - 7 rations
 u - 5 chunks of flesh


   Skills:
 + Level 2.4 Fighting
 * Level 4.0 Short Blades
 - Level 1.0 Throwing
 - Level 1.1 Armour
 + Level 3.0 Dodging
 + Level 2.1 Spellcasting
 - Level 3.2 Translocations


You had 3 spell levels left.
You knew the following spells:

 Your Spells              Type           Power        Failure   Level  Hunger
a - Shroud of Golubria    Chrm/Tloc      #.........   28%         2    ###....
b - Blink                 Tloc           N/A          14%         2    ###....

Your spell library contained the following spells:

 Spells                   Type           Power        Failure   Level  Hunger
 Gell's Gravitas          Tloc           #.........   28%         3    ####...
 Lesser Beckoning         Tloc           #.........   28%         3    ####...
 Teleport Other           Tloc           #.......     28%         3    ####...
 Passage of Golubria      Tloc           N/A          67%         4    #####..


Dungeon Overview and Level Annotations

Branches:
Dungeon (3/15)

Altars:
Ashenzari

Annotations:
D:3 Natasha


Innate Abilities, Weirdness & Mutations

You are small and have problems with some larger weapons.
You are somewhat resistant to further mutation.


Message History

You hit Natasha but do no damage.
Natasha is heavily wounded.
Natasha casts a spell.
You barely miss Natasha.
Natasha is heavily wounded.
Natasha barely misses you.
You closely miss Natasha.
Natasha is heavily wounded.
Natasha casts a spell at you.
You feel yourself slow down.
You hit Natasha.
Natasha is almost dead.
Natasha mumbles some strange words.
You miss Natasha.
Natasha is almost dead.
Your shroud unravels.
The crimson imp misses you.
Natasha hisses.
Natasha claws you.
You die...

.....<......#.#
#####.........# #
#######.#### #
#........# #
#.###.##.# #
#.##.# #
###.##.## #
.........#######
#
##...##.5@.....#
#
#.####.h#####(##
+
......5....h....#
#
#.##.######....#
# ... ##...# #
...# ##..# # #..
..# # . ..# # ..#


You could see an iron imp, Natasha and a crimson imp.

Vanquished Creatures
  An adder (D:2)
  4 gnolls
  4 giant cockroaches
  7 goblins
  11 hobgoblins
  2 kobolds (D:1)
  2 ball pythons
  4 bats
  7 frilled lizards
  4 rats
46 creatures vanquished.

Notes
Turn   | Place    | Note
-------+----------+-------------------------------------------
     0 | D:1      | Knicklaso the Halfling Warper began the quest for the Orb.
     0 | D:1      | Reached XP level 1. HP: 14/14 MP: 3/3
   133 | D:1      | Reached XP level 2. HP: 11/19 MP: 4/4
   472 | D:1      | Reached skill level 3 in Short Blades
   862 | D:1      | Reached XP level 3. HP: 17/24 MP: 5/5
  1628 | D:2      | Found a shattered altar of Ashenzari.
  2309 | D:1      | HP: 1/24 [gnoll (8)]
  2458 | D:1      | Reached XP level 4. HP: 14/29 MP: 5/7
  3130 | D:2      | Learned a level 2 spell: Blink
  3133 | D:2      | Learned a level 2 spell: Shroud of Golubria
  3155 | D:2      | Reached skill level 4 in Short Blades
  3391 | D:3      | Found a faded altar of an unknown god.
  3436 | D:3      | Noticed Natasha
  3461 | D:3      | Slain by Natasha

Skill      XL: |  1  2  3  4 |
---------------+-------------+-----
Fighting       | 2 |  2.4
Short Blades   | 3 4 |  4.0
Spellcasting   | 2 |  2.1
Dodging        | 3 |  3.0
Throwing       | |  1.0
Armour         | |  1.1
Translocations | |  3.2

Action                   |  1- 3 |  4- 6 || total
-------------------------+-------+-------++-------
Melee: Short sword       |   156 |    66 ||   222
Throw: Stone             |     3 |       ||     3
 Cast: Shroud of Golubri |       |     2 ||     2
  Eat: Chunk             |     4 |     1 ||     5
       Ration            |       |     1 ||     1
Armor: Leather armour    |    17 |     4 ||    21
Dodge: Dodged            |    95 |    49 ||   144
